 Dungeon Crawl Stone Soup version 0.31-a0-240-gb923e448b6 (webtiles) character file.

Game seed: 12136997016624365560

6160 Nattfarinn the Fighter (level 10, 0/76 HPs)
             Began as an Octopode Shapeshifter on July 12, 2023.
             Was an Initiate of Gozag.
             Killed from afar by a tengu reaver (54 damage)
             ... with a bolt of cold
             ... on level 11 of the Dungeon.
             The game lasted 00:23:01 (9429 turns).

Nattfarinn the Fighter (Octopode Shapeshifter)      Turns: 9429, Time: 00:23:07

Health: 0/76       AC:  1    Str: 19    XL:     10   Next: 90%
Magic:  19/19      EV: 13    Int: 17    God:    Gozag
Gold:   598        SH:  0    Dex: 12    Spells: 9/9 levels left

rFire   . .          .
                       - Unarmed
rCold   . . .        (no shield)
rNeg    . . .        (helmet currently unavailable)
rPois   .            f - amulet of regeneration
rElec   .            t - ring of magical power
rCorr   +            w - ring of resist corrosion
SInv    .            x - ring of wizardry
Will    .....        u - +6 ring of intelligence
Stlth   ++           (no ring)
HPRegen 1.12/turn    (no ring)
MPRegen 0.16/turn    (no ring)
                     (no ring)

%: wizardry (x1)
@: beast-form, engulfed
A: beast (slay +6), almost no armour, amphibious, 8 rings, camouflage 1,
gelatinous body 1, (nimble swimmer 1), tentacles
a: Renounce Religion, Potion Petition, Call Merchant, Bribe Branch


You were on level 11 of the Dungeon.
You worshipped Gozag.
Gozag was pleased with you.
You were a hulking beast.
You visited 2 branches of the dungeon, and saw 12 of its levels.

You collected 1086 gold pieces.
You paid 488 gold pieces to Gozag.

Inventory:

Armour
 z - a +1 hat
Jewellery
 f - an amulet of regeneration (around mantle)
 t - a ring of magical power (left tentacle)
 u - a +6 ring of intelligence (on tentacle)
 w - a ring of resist corrosion (right tentacle)
 x - a ring of wizardry (on tentacle)
Talismans
 a - a maw talisman
 b - a beast talisman
Wands
 h - a wand of polymorph (11)
 o - a wand of flame (37)
 r - a wand of roots (17)
 s - a wand of paralysis (8)
Scrolls
 e - a scroll of poison
 k - a scroll of butterflies
 m - a scroll of amnesia
 n - a scroll of fog
 q - a scroll of noise
 y - a scroll of revelation
 A - a scroll of enchant weapon
Potions
 c - 5 potions of attraction
 d - 3 potions of curing
 i - 2 potions of mutation {unknown}
 j - 2 potions of magic {unknown}
 l - a potion of might {unknown}
 p - a potion of degeneration {unknown}
 v - a potion of berserk rage {unknown}


   Skills:
 - Level 10.1 Fighting
 - Level 2.0 Dodging
 - Level 8.7 Unarmed Combat
 + Level 8.7 Shapeshifting


You had 9 spell levels left.
You didn't know any spells.
Your spell library contained the following spells:

 Spells                   Type           Power      Damage    Failure   Level
 Kiss of Death            Conj/Necr      0%         2d5       10%         1
 Confusing Touch          Hex            0%         N/A       26%         3
 Hailstorm                Conj/Ice       0%         3d3       26%         3
 Inner Flame              Hex/Fire       0%         N/A       26%         3
 Dispel Undead            Necr           0%         3d6       65%         4
 Flame Wave               Conj/Fire      0%         2d4       65%         4
 Sticky Flame             Conj/Fire      0%         2d3       65%         4
 Summon Ice Beast         Ice/Summ       0%         N/A       65%         4
 Borgnjor's Vile Clutch   Necr/Erth      0%         N/A       92%         5
 Death Channel            Necr           0%         N/A       100%        6
 Animate Dead             Necr           Unusable   N/A       N/A         4
 Simulacrum               Ice/Necr       Unusable   N/A       N/A         6

Dungeon Overview and Level Annotations

Branches:
Dungeon (11/15)            Temple (1/1) D:7            Lair (0/5) D:8
    Orc: D:9-12

Altars:
Ashenzari
Cheibriados
Dithmenos
Elyvilon
Fedhas
Gozag
Hepliaklqana
Kikubaaqudgha
Makhleb
Nemelex Xobeh
Okawaru
Qazlal
Ru
Sif Muna
Trog
Uskayaw
Vehumet
Wu Jian
Xom
Yredelemnul
Zin
The Shining One

Shops:
D:5 [

Annotations:
D:3 exclusion: oklob plant


Innate Abilities, Weirdness & Mutations

You are a hulking beast.
Your limbs bulge with bestial killing power. (Slay +6)
You cannot wear most types of armour.
You are amphibious.
You can wear up to eight rings at the same time.
Your skin changes colour to match your surroundings (Stealth+).
Your rubbery body absorbs attacks. (AC +1, EV +1)
((You are camouflaged when in or above water. (Stealth+)))
You have tentacles for arms and can constrict up to eight enemies at once.


Message History

You constrict the kobold brigand.
You feel sick.
You hear a shout! x3
The kobold brigand closely misses you.
You bludgeon the kobold brigand!
You kill the kobold brigand!
You feel sick.
You bludgeon the kobold!
You kill the kobold!
The kobold shoots an arrow.
The arrow hits you!
You feel sick.
The kobold is distracted by your dazzling golden aura.
Things that are here:
16 gold pieces; a +0 dagger; 5 poisoned darts You feel sick.
You feel sick.
You are no longer poisoned.
The kobold is no longer distracted by gold.
The kobold shoots an arrow.
The arrow hits you!
There is a stone staircase leading up here.
The kobold shoots an arrow.
The arrow closely misses you.
You climb upwards.
There is a stone staircase leading down here.
You climb downwards.
You hear coins being counted.
An interdimensional caravan has stopped on this level and set up a bazaar.
Hurry and find its entrance before they move on!
A tengu reaver comes into view.
It is wielding a +2 great sword of electrocution.
The kobold shoots an arrow.
The arrow closely misses you.
There is a stone staircase leading up here.
Found a morningstar.
The kobold shoots an arrow.
The arrow closely misses you.
A water elemental comes into view.
The water elemental hits you!!
The water elemental engulfs you in water!
You see here a +0 scale mail.
You bludgeon the water elemental! You squeeze the water elemental.
The water elemental is moderately damaged.
The tengu reaver gestures at you while chanting.
The bolt of cold hits you!!!
Ouch! That really hurt!
You die...
Your body crumbles into a pile of gold.

..~≈≈≈~~... #####
##≈~≈~≈≈P... ##.#.#
###≈≈≈≈~.~~.. #....#
≈≈≈≈≈~.~... . $ #..#..#
≈≈≈~~~..##.. #.##.##
#P~...#.... .#.####
####.~E....... K#..###
#.....h.......
KB.#..#####...........##
.#.#......##..........#
.#..).$Q..###......)....
#..........#....#...#..
#...#......Q..###..## #
#...#...K.....# ###
#...#..#..<..##
#..#..##..####


You could see a tengu reaver and a water elemental.

Vanquished Creatures
  A komodo dragon (D:8)
  A troll (D:11)
  2 wyverns
  9 yaks
  3 basilisks (D:8)
  2 acid dragons (D:8)
  2 water moccasins (D:9)
  An ice beast (D:8)
  2 orc warriors
  3 sky beasts (D:6)
  A swamp drake (D:8)
  2 black bears (D:5)
  A centaur (D:5)
  A kobold brigand (D:11)
  3 bullfrogs (D:8)
  A gnoll sergeant (D:7)
  2 scorpions
  3 wights (D:9)
  11 killer bees
  7 howler monkeys
  2 quasits (D:7)
  A gnoll bouda (D:9)
  5 hounds
  3 jellies
  3 orc priests
  2 iguanas
  Ijyb (D:3)
  4 sleepcaps
  7 orc wizards
  6 adders
  8 gnolls
  2 white imps (D:7)
  An ufetubus (D:5)
  A worm (D:5)
  A dart slug (D:1)
  24 orcs
  2 bats (D:3)
  8 endoplasms
  5 giant cockroaches
  6 goblins
  8 hobgoblins
  5 jackals
  A quokka (D:2)
  5 ball pythons
  2 frilled lizards (D:2)
  10 kobolds
  3 rats
184 creatures vanquished.

Notes
Turn   | Place    | Note
-------+----------+-------------------------------------------
     0 | D:1      | Nattfarinn the Octopode Shapeshifter began the quest for
                  | the Orb.
     0 | D:1      | Reached XP level 1. HP: 14/14 MP: 1/1
   319 | D:1      | Reached XP level 2. HP: 17/19 MP: 2/2
   941 | D:2      | Found a faded altar of an unknown god.
   947 | D:2      | Reached XP level 3. HP: 18/24 MP: 3/3
  1444 | D:2      | Reached XP level 4. HP: 27/29 MP: 4/4
  2164 | D:3      | Noticed Ijyb
  2184 | D:3      | Killed Ijyb
  2185 | D:3      | Reached skill level 5 in Shapeshifting
  2185 | D:3      | Reached XP level 5. HP: 24/34 MP: 5/5
  2498 | D:3      | Found a blossoming altar of Fedhas.
  2509 | D:3      | You fall into a shaft and drop 3 floors!
  2523 | D:6      | Noticed a sky beast
  2535 | D:6      | Killed a sky beast
  2622 | D:6      | Noticed a sky beast
  2646 | D:6      | Killed a sky beast
  2647 | D:6      | Reached XP level 6. HP: 13/39 MP: 6/6
  2923 | D:5      | Entered Level 5 of the Dungeon
  2923 | D:5      | Found Qunyopn's Antique Armour Shoppe.
  3196 | D:5      | Reached XP level 7. HP: 45/45 MP: 7/7
  3475 | D:4      | Reached skill level 5 in Unarmed Combat
  3628 | D:4      | Reached XP level 8. HP: 50/50 MP: 8/8
  4201 | D:3      | Noticed an oklob plant
  5536 | D:7      | Found a staircase to the Ecumenical Temple.
  5545 | Temple   | Entered the Ecumenical Temple
  6259 | D:8      | Reached skill level 3 in Fighting
  6259 | D:8      | Reached XP level 9. HP: 33/57 MP: 9/9
  6329 | D:8      | Reached skill level 4 in Fighting
  6397 | D:8      | Found an opulent altar of Gozag.
  6408 | D:8      | Became a worshipper of Gozag Ym Sagoz the Greedy
  6593 | D:8      | Reached skill level 5 in Fighting
  6940 | D:8      | Reached skill level 6 in Fighting
  6967 | D:8      | Reached skill level 7 in Fighting
  6974 | D:8      | Reached skill level 8 in Fighting
  7281 | D:8      | Reached XP level 10. HP: 28/73 MP: 10/10
  7334 | D:8      | Reached skill level 9 in Fighting
  7362 | D:8      | Found a staircase to the Lair.
  7772 | D:9      | Reached skill level 10 in Fighting
  7997 | D:9      | Found a hide-covered altar of Uskayaw.
  8019 | D:9      | Found a broken altar of Ashenzari.
  8392 | D:9      | Found a shimmering altar of Xom.
  8392 | D:9      | Found a shimmering altar of Xom.
  8392 | D:9      | Found a shimmering altar of Xom.
  8392 | D:9      | Found a shimmering altar of Xom.
  8393 | D:9      | Found a shimmering altar of Xom.
  8393 | D:9      | Found a shimmering altar of Xom.
  8393 | D:9      | Found a shimmering altar of Xom.
  8567 | D:9      | Noticed a harpy
  8795 | D:10     | Entered Level 10 of the Dungeon
  9288 | D:10     | Noticed a seven-headed hydra
  9341 | D:11     | Noticed a white ugly thing
  9399 | D:11     | Noticed a boulder beetle
  9421 | D:11     | Noticed a tengu reaver
  9429 | D:11     | Killed from afar by a tengu reaver

Illustrated notes

Levels and vault maps discovered:
D:1:      nagdon_arrival_zigzag_paths, layout_loops_ring
D:2:      layout_loops_cross, dreamdust_ecumenical_altar_hidden_monk_grotto
D:3:      layout_loops_ring, tgw_fedhas, uniq_ijyb
D:4:      layout_basic
D:5:      layout_basic, serial_shops, nicolae_shop_overgrown_old_shop,
          cheibrodos_sewer_entry_bend
D:6:      layout_basic
D:7:      layout_loops_ring, minmay_temple_entry_junction, serial_demonic,
          serial_demonic_g, serial_demonic_b, serial_demonic_a,
          serial_demonic_e, chequers_arboretum
D:8:      layout_loops_ring, grunt_gozag_breadcrumbs, erik_lair_dragon,
          minmay_quadrilaterals
D:9:      layout_basic, xom_shifter_show, mainiacjoe_overflow_divided_tiny
D:10:     minmay_bloctagon_deflated, layout_long_grid, nicolae_doodle_vault
D:11:     minmay_diamond_stairs, layout_cave_pools, serial_shops,
          bzr_entry_customers, chequers_big_river, nicolae_rejected_hall
Temple:   sentei_temple_godly_chess

Skill      XL: |  1  2  3  4  5  6  7  8  9 10 |
---------------+-------------------------------+-----
Shapeshifting  | 4 5 6 8 |  8.7
Unarmed Combat | 5 8 |  8.7
Fighting       | 3 8 10 | 10.1
Dodging        | |  2.0

Action                     |  1- 3 |  4- 6 |  7- 9 | 10-12 || total
---------------------------+-------+-------+-------+-------++-------
  Melee: Unarmed           |    56 |   104 |   186 |   123 ||   469
         Constrict         |    20 |    18 |    46 |    27 ||   111
         Tentacles         |     4 |    13 |    56 |    34 ||   107
         Punch             |     2 |     1 |    20 |     6 ||    29
 Invoke: Potion Petition   |       |       |       |     1 ||     1
  Evoke: Wand              |       |       |       |     2 ||     2
    Use: Potion            |       |     3 |     1 |     2 ||     6
         Scroll            |       |       |       |    14 ||    14
   Stab: Sleeping          |     6 |     4 |    10 |     1 ||    21
         Distracted        |     1 |       |       |       ||     1
 Armour: Skin              |     2 |    16 |     6 |       ||    24
  Dodge: Dodged            |    34 |    54 |    76 |    55 ||   219

Table legend: (Time is in decaauts)
 A = Elapsed time spent in this place.
 B = Non-inter-level travel time spent in this place.
 C = Inter-level travel time spent in this place.
 D = Time resting spent in this place.
 E = Time spent auto-exploring this place.
 F = Levels seen in this place.
 G = Mean time per level.
                   A        B        C        D        E       F      G
               +--------+--------+--------+--------+--------+-----+--------+
         Total |   9394 |   8651 |    743 |    571 |   6388 |  12 |  782.8 |
       Dungeon |   9382 |   8640 |    742 |    571 |   6384 |  11 |  852.9 |
        Temple |     11 |     11 |      0 |      0 |      4 |   1 |   11.0 |
               +--------+--------+--------+--------+--------+-----+--------+

Top non-repeatable levels by time:
     D:8: 1616 daAuts
     D:5: 1057 daAuts
     D:3: 1012 daAuts
     D:9: 964 daAuts
     D:6: 948 daAuts
     D:1: 907 daAuts
     D:4: 796 daAuts
     D:7: 753 daAuts
     D:2: 751 daAuts
    D:10: 452 daAuts
    D:11: 122 daAuts
  Temple: 11 daAuts
